TOP OF THE 1ST |
Managua Lagoon Monsters batting - Pitching for Santa Ana Cafes : RHP Roy Smith
|
Pitching: RHP Roy Smith
|
|
Batting: LHB John Elway
|
0-0: Called Strike 0-1: Ball 1-1: Ball 2-1: Swinging Strike 2-2: Strikes out swinging
|
Batting: RHB Ivan Calderon
|
0-0: Called Strike 0-1: Called Strike 0-2: Foul Ball, location: 2F 0-2: Reached on error, E9 (Flyball, 9LM, EV 86.9 MPH)
|
Batting: LHB Willie Gonzalez
|
0-0: Ball Ivan Calderon is caught stealing 2nd base 2-6 1-0: Ball 2-0: Called Strike 2-1: Foul Ball, location: 2F 2-2: Foul Ball, location: 2F 2-2: Strikes out swinging
|
Top of the 1st over - 0 runs, 0 hits, 1 error, 0 left on base; Managua 0 - Santa Ana 0 |
BOTTOM OF THE 1ST |
Santa Ana Cafes batting - Pitching for Managua Lagoon Monsters : RHP Danny Ruiz
|
Pitching: RHP Danny Ruiz
|
|
Batting: LHB Andre David
|
0-0: Called Strike 0-1: Ball 1-1: Ground out 4-3 (Groundball, 4, EV 83.1 MPH)
|
Batting: RHB Mark Wasinger
|
0-0: Swinging Strike 0-1: Foul Ball, location: 2F 0-2: Ball 1-2: Ball 2-2: Fly out, F8 (Flyball, 8RS, EV 75.0 MPH)
|
Batting: RHB Glenn Davis
|
0-0: Ground out 5-3 (Groundball, 56S, EV 81.3 MPH)
|
Bottom of the 1st over - 0 runs, 0 hits, 0 errors, 0 left on base; Managua 0 - Santa Ana 0 |
TOP OF THE 2ND |
Managua Lagoon Monsters batting - Pitching for Santa Ana Cafes : RHP Roy Smith
|
Batting: RHB Randy Ready
|
0-0: Ball 1-0: Swinging Strike 1-1: Ball 2-1: SINGLE (Line Drive, 8RS, EV 103.1 MPH)
|
Batting: LHB Dan Pasqua
|
0-0: Ball 1-0: Ball 2-0: Called Strike 2-1: SINGLE (Line Drive, 89S, EV 104.4 MPH) Randy Ready to second Runner from 2nd tries for 3rd, SAFE, throw by RF made to third
|
Batting: RHB Ed Hearn
|
0-0: Ball 1-0: Swinging Strike 1-1: Ball 2-1: Foul Ball, location: 2F 2-2: Ball 3-2: Base on Balls Dan Pasqua to second
|
Batting: RHB Marty Castillo
|
0-0: Foul Ball, location: 2F 0-1: Swinging Strike 0-2: Ball 1-2: Ball 2-2: Foul Ball, location: 2F 2-2: Strikes out swinging
|
Batting: LHB Gary Varsho
|
0-0: Ball 1-0: Called Strike 1-1: Foul Ball, location: 2F 1-2: Foul Ball, location: 2F 1-2: Ball 2-2: Strikes out looking
|
Batting: LHB Matt Nokes
|
0-0: Fly out, F9 (Flyball, 89D, EV 96.3 MPH)
|
Top of the 2nd over - 0 runs, 2 hits, 0 errors, 3 left on base; Managua 0 - Santa Ana 0 |
BOTTOM OF THE 2ND |
Santa Ana Cafes batting - Pitching for Managua Lagoon Monsters : RHP Danny Ruiz
|
Batting: RHB Larry Littleton
|
0-0: Called Strike 0-1: Reached on error, E4 (Groundball, 4MS, EV 86.3 MPH)
|
Batting: RHB Kevin Buckley
|
0-0: Called Strike 0-1: Fly out, F7 (Flyball, 7D, EV 88.1 MPH)
|
Batting: RHB Martinho Varandas
|
0-0: Called Strike 0-1: Ball 1-1: Ball 2-1: Foul Ball, location: 2F 2-2: Ball 3-2: Strikes out looking
|
Batting: RHB Edwin Rodriguez
|
0-0: Called Strike 0-1: Ground out 3-1 (Groundball, 34S, EV 82.5 MPH)
|
Bottom of the 2nd over - 0 runs, 0 hits, 1 error, 1 left on base; Managua 0 - Santa Ana 0 |
TOP OF THE 3RD |
Managua Lagoon Monsters batting - Pitching for Santa Ana Cafes : RHP Roy Smith
|
Batting: LHB John Elway
|
0-0: Ball 1-0: Ball 2-0: Ball 3-0: Base on Balls
|
Batting: RHB Ivan Calderon
|
0-0: Ball 1-0: Ball 2-0: Ball 3-0: Base on Balls John Elway to second
|
Batting: LHB Willie Gonzalez
|
0-0: Ball 1-0: Ball 2-0: Swinging Strike 2-1: Foul Ball, location: 2F 2-2: Foul Ball, location: 2F 2-2: Ball 3-2: Lines into TRIPLE play, 3-6-3 (Line Drive, 3, EV 71.3 MPH)
|
Top of the 3rd over - 0 runs, 0 hits, 0 errors, 0 left on base; Managua 0 - Santa Ana 0 |
BOTTOM OF THE 3RD |
Santa Ana Cafes batting - Pitching for Managua Lagoon Monsters : RHP Danny Ruiz
|
Batting: RHB Barry Siebert
|
0-0: Called Strike 0-1: Ground out 5-3 (Groundball, 56S, EV 78.8 MPH)
|
Batting: RHB Luis A Rivera
|
0-0: Ball 1-0: Foul Ball, location: 2F 1-1: Ball 2-1: Ball 3-1: Called Strike 3-2: Strikes out looking
|
Batting: LHB Andre David
|
0-0: Ball 1-0: Ball 2-0: Fly out, F7 (Flyball, 78M, EV 81.3 MPH)
|
Bottom of the 3rd over - 0 runs, 0 hits, 0 errors, 0 left on base; Managua 0 - Santa Ana 0 |
TOP OF THE 4TH |
Managua Lagoon Monsters batting - Pitching for Santa Ana Cafes : RHP Roy Smith
|
Batting: RHB Randy Ready
|
0-0: Swinging Strike 0-1: Foul Ball, location: 2F 0-2: Ball 1-2: Strikes out swinging
|
Batting: LHB Dan Pasqua
|
0-0: Foul Ball, location: 2F 0-1: Ball 1-1: Called Strike 1-2: Strikes out swinging
|
Batting: RHB Ed Hearn
|
0-0: Called Strike 0-1: Foul Ball, location: 2F 0-2: Ball 1-2: Foul Ball, location: 2F 1-2: Ground out 5-3 (Groundball, 56S, EV 90.6 MPH)
|
Top of the 4th over - 0 runs, 0 hits, 0 errors, 0 left on base; Managua 0 - Santa Ana 0 |
BOTTOM OF THE 4TH |
Santa Ana Cafes batting - Pitching for Managua Lagoon Monsters : RHP Danny Ruiz
|
Batting: RHB Mark Wasinger
|
0-0: Called Strike 0-1: Foul Ball, location: 2F 0-2: Foul Ball, location: 2F 0-2: Ball 1-2: Ball 2-2: Foul Ball, location: 2F 2-2: Strikes out swinging
|
Batting: RHB Glenn Davis
|
0-0: SOLO HOME RUN (Flyball, 7D, EV 102.5 MPH), Distance : 398 ft
|
Batting: RHB Larry Littleton
|
0-0: Ball 1-0: Called Strike 1-1: Swinging Strike 1-2: Ground out 6-3 (Groundball, 6M, EV 85.0 MPH)
|
Batting: RHB Kevin Buckley
|
0-0: Fly out, F8 (Flyball, 89S, EV 88.8 MPH)
|
Bottom of the 4th over - 1 run, 1 hit, 0 errors, 0 left on base; Managua 0 - Santa Ana 1 |
TOP OF THE 5TH |
Managua Lagoon Monsters batting - Pitching for Santa Ana Cafes : RHP Roy Smith
|
Batting: RHB Marty Castillo
|
0-0: Swinging Strike 0-1: Foul Ball, location: 2F 0-2: Foul Ball, location: 2F 0-2: Strikes out looking
|
Batting: LHB Gary Varsho
|
0-0: Ball 1-0: Ball 2-0: Foul Ball, location: 2F 2-1: Foul Ball, location: 2F 2-2: Strikes out looking
|
Batting: LHB Matt Nokes
|
0-0: Called Strike 0-1: Ball 1-1: Called Strike 1-2: Ball 2-2: SINGLE (Line Drive, 56D, EV 94.4 MPH)
|
Batting: LHB John Elway
|
0-0: Ball 1-0: Ball 2-0: Ball 3-0: Base on Balls Matt Nokes to second
|
Batting: RHB Ivan Calderon
|
0-0: Ball 1-0: Ground out 4-3 (Groundball, 4, EV 98.8 MPH)
|
Top of the 5th over - 0 runs, 1 hit, 0 errors, 2 left on base; Managua 0 - Santa Ana 1 |
BOTTOM OF THE 5TH |
Santa Ana Cafes batting - Pitching for Managua Lagoon Monsters : RHP Danny Ruiz
|
Batting: RHB Martinho Varandas
|
0-0: Ball 1-0: Called Strike 1-1: Swinging Strike 1-2: DOUBLE (Groundball, 3L, EV 103.8 MPH)
|
Batting: RHB Edwin Rodriguez
|
0-0: Swinging Strike 0-1: Ball 1-1: Called Strike 1-2: Foul Ball, location: 2F 1-2: Ball 2-2: SINGLE (Line Drive, 9S, EV 90.6 MPH) Martinho Varandas to third
|
Batting: RHB Barry Siebert
|
0-0: Ball 1-0: Called Strike 1-1: Ball 2-1: Foul Ball, location: 2F 2-2: Foul Ball, location: 2F 2-2: Ball Edwin Rodriguez steals 2nd base 3-2: Ground out 6-3 (Groundball, 6, EV 82.5 MPH) Martinho Varandas scores Edwin Rodriguez to third
|
Batting: RHB Luis A Rivera
|
0-0: Ball 1-0: Called Strike 1-1: Called Strike 1-2: Strikes out swinging
|
Batting: LHB Andre David
|
0-0: Ball 1-0: Swinging Strike 1-1: Ball 2-1: Foul Ball, location: 2F 2-2: Ball 3-2: Base on Balls
|
Batting: RHB Mark Wasinger
|
0-0: Ball 1-0: Called Strike 1-1: Called Strike 1-2: Strikes out swinging
|
Bottom of the 5th over - 1 run, 2 hits, 0 errors, 2 left on base; Managua 0 - Santa Ana 2 |
TOP OF THE 6TH |
Managua Lagoon Monsters batting - Pitching for Santa Ana Cafes : RHP Roy Smith
|
Batting: LHB Willie Gonzalez
|
0-0: Ball 1-0: Foul Ball, location: 2F 1-1: Ball 2-1: Swinging Strike 2-2: SINGLE (Groundball, 4MS, EV 71.9 MPH) (infield hit)
|
Batting: RHB Randy Ready
|
0-0: Called Strike 0-1: Foul Ball, location: 2F 0-2: Ball 1-2: Foul Ball, location: 2F 1-2: Foul Ball, location: 2F 1-2: Strikes out looking
|
Batting: LHB Dan Pasqua
|
0-0: Ball 1-0: Called Strike 1-1: Called Strike 1-2: Strikes out swinging
|
Batting: RHB Ed Hearn
|
0-0: Called Strike 0-1: Fly out, F7 (Line Drive, 7, EV 91.9 MPH)
|
Top of the 6th over - 0 runs, 1 hit, 0 errors, 1 left on base; Managua 0 - Santa Ana 2 |
BOTTOM OF THE 6TH |
Santa Ana Cafes batting - Pitching for Managua Lagoon Monsters : RHP Danny Ruiz
|
Batting: RHB Glenn Davis
|
0-0: Fly out, F8 (Line Drive, 8LM, EV 85.0 MPH)
|
Batting: RHB Larry Littleton
|
0-0: Ball 1-0: Called Strike 1-1: Ball 2-1: Foul Ball, location: 2F 2-2: Foul Ball, location: 2F 2-2: Fly out, F7 (Line Drive, 7D, EV 101.9 MPH)
|
Batting: RHB Kevin Buckley
|
0-0: Called Strike 0-1: Foul Ball, location: 2F 0-2: Strikes out swinging
|
Bottom of the 6th over - 0 runs, 0 hits, 0 errors, 0 left on base; Managua 0 - Santa Ana 2 |
TOP OF THE 7TH |
Managua Lagoon Monsters batting - Pitching for Santa Ana Cafes : RHP Roy Smith
|
Batting: RHB Marty Castillo
|
0-0: Ball 1-0: Called Strike 1-1: Ball 2-1: Fly out, F8 (Line Drive, 8RM, EV 96.9 MPH)
|
Batting: LHB Gary Varsho
|
0-0: Ball 1-0: Fly out, F8 (Flyball, 89M, EV 96.3 MPH)
|
Batting: LHB Matt Nokes
|
0-0: Ball 1-0: Called Strike 1-1: Foul Ball, location: 2F 1-2: SINGLE (Line Drive, 89S, EV 109.4 MPH)
|
Batting: LHB John Elway
|
0-0: Ball 1-0: Foul Ball, location: 2F 1-1: Ball 2-1: Called Strike 2-2: Strikes out swinging
|
Top of the 7th over - 0 runs, 1 hit, 0 errors, 1 left on base; Managua 0 - Santa Ana 2 |
BOTTOM OF THE 7TH |
Santa Ana Cafes batting - Pitching for Managua Lagoon Monsters : RHP Danny Ruiz
|
Batting: RHB Martinho Varandas
|
0-0: Ball 1-0: Swinging Strike 1-1: Ball 2-1: Called Strike 2-2: Foul Ball, location: 2F 2-2: SINGLE (Line Drive, 3D, EV 95.0 MPH)
|
Batting: RHB Edwin Rodriguez
|
0-0: Ball 1-0: Bunted foul 1-1: Bunt missed! 1-2: Foul Ball, location: 2F 1-2: Ball 2-2: Ball Wild Pitch! Martinho Varandas to second 3-2: DOUBLE (Groundball, 5L, EV 105.0 MPH) Martinho Varandas scores
|
Batting: RHB Barry Siebert
|
0-0: Intentional Walk
|
Batting: RHB Luis A Rivera
|
0-0: Ball 1-0: Called Strike 1-1: Ball 2-1: Foul Ball, location: 2F 2-2: Strikes out swinging
|
Batting: LHB Andre David
|
0-0: Called Strike 0-1: Ball 1-1: Called Strike 1-2: Ball Wild Pitch! Edwin Rodriguez to third Barry Siebert to second 2-2: Ball 3-2: Intentional Walk
|
Batting: RHB Mark Wasinger
|
0-0: Ball 1-0: Foul Ball, location: 2F 1-1: Swinging Strike 1-2: Foul Ball, location: 2F 1-2: Foul Ball, location: 2F 1-2: Ball 2-2: Ball 3-2: Foul Ball, location: 2F 3-2: Grounds into fielders choice 5-2 (Groundball, 56, EV 85.6 MPH) Barry Siebert to third Andre David to second
|
Batting: RHB Glenn Davis
|
0-0: Called Strike 0-1: Fly out, F9 (Flyball, 89M, EV 81.9 MPH)
|
Bottom of the 7th over - 1 run, 2 hits, 0 errors, 3 left on base; Managua 0 - Santa Ana 3 |
TOP OF THE 8TH |
Managua Lagoon Monsters batting - Pitching for Santa Ana Cafes : RHP Roy Smith
|
Pitching: RHP Rick Behenna
|
|
Batting: RHB Ivan Calderon
|
0-0: Ball 1-0: Called Strike 1-1: Ball 2-1: Ball 3-1: Base on Balls
|
Batting: LHB Willie Gonzalez
|
0-0: Ball 1-0: Ball 2-0: Called Strike 2-1: Called Strike 2-2: Ball 3-2: Base on Balls Ivan Calderon to second
|
Batting: RHB Randy Ready
|
0-0: Foul Ball, location: 2F 0-1: Ball 1-1: Called Strike 1-2: Ball 2-2: Fly out, F8 (Line Drive, 8LM, EV 93.1 MPH)
|
Batting: LHB Dan Pasqua
|
0-0: Called Strike 0-1: Fly out, F8 (Line Drive, 8RM, EV 105.6 MPH)
|
Batting: RHB Ed Hearn
|
0-0: Called Strike 0-1: Fly out, F8 (Flyball, 89D, EV 81.3 MPH)
|
Top of the 8th over - 0 runs, 0 hits, 0 errors, 2 left on base; Managua 0 - Santa Ana 3 |
BOTTOM OF THE 8TH |
Santa Ana Cafes batting - Pitching for Managua Lagoon Monsters : RHP Danny Ruiz
|
Batting: RHB Larry Littleton
|
0-0: Ball 1-0: Ball 2-0: Called Strike 2-1: Ball 3-1: Single, Error in OF, E8, batter to second base (Line Drive, 8LS, EV 93.8 MPH)
|
Batting: RHB Kevin Buckley
|
0-0: Ground out 5-3 (Groundball, 56S, EV 88.1 MPH)
|
Batting: RHB Martinho Varandas
|
0-0: Swinging Strike 0-1: Called Strike 0-2: Ball 1-2: Ball 2-2: Fly out, F9 (Flyball, 89D, EV 97.5 MPH) Runner from 2nd tags up, SAFE at 3rd, no throw by RF
|
Batting: RHB Edwin Rodriguez
|
0-0: Called Strike 0-1: Foul Ball, location: 2F 0-2: Ball 1-2: Ball 2-2: SINGLE (Line Drive, 8LS, EV 96.9 MPH) Larry Littleton scores
|
Batting: RHB Barry Siebert
|
0-0: Foul Ball, location: 2F 0-1: Swinging Strike 0-2: Ball 1-2: DOUBLE (Flyball, 8RD, EV 104.4 MPH) Edwin Rodriguez to third Edwin Rodriguez scores
|
Pitching: RHP Ben Gilliland
|
|
Batting: RHB Luis A Rivera
|
0-0: Called Strike 0-1: Foul Ball, location: 2F 0-2: Ball 1-2: Strikes out looking
|
Bottom of the 8th over - 2 runs, 3 hits, 1 error, 1 left on base; Managua 0 - Santa Ana 5 |
TOP OF THE 9TH |
Managua Lagoon Monsters batting - Pitching for Santa Ana Cafes : RHP Rick Behenna
|
Batting: RHB Marty Castillo
|
0-0: Called Strike 0-1: Ball 1-1: Foul Ball, location: 2F 1-2: Ball 2-2: Ball 3-2: Strikes out looking
|
Batting: LHB Gary Varsho
|
0-0: Ball 1-0: Called Strike 1-1: Foul Ball, location: 2F 1-2: Ground out 6-3 (Groundball, 6M, EV 84.4 MPH)
|
Batting: LHB Matt Nokes
|
0-0: Called Strike 0-1: Foul Ball, location: 2F 0-2: Foul Ball, location: 2F 0-2: Foul Ball, location: 2F 0-2: Ball 1-2: Ball 2-2: Strikes out looking
|
Top of the 9th over - 0 runs, 0 hits, 0 errors, 0 left on base; Managua 0 - Santa Ana 5 |
|